 Dungeon Crawl Stone Soup version 0.31-a0-112-gdf0485fa37 (webtiles) character file.

Game seed: 2270090778623096887

825 avis the Insei (level 7, -2/55 HPs)
             Began as a Merfolk Transmuter on May 28, 2023.
             Slain by an iguana (10 damage)
             ... on level 5 of the Dungeon.
             The game lasted 00:32:44 (4617 turns).

avis the Insei (Merfolk Transmuter)                 Turns: 4617, Time: 00:32:44

Health: -2/55      AC:  2    Str: 12    XL:     7   Next: 96%
Magic:  6/11       EV: 21    Int: 13    God:
Gold:   72         SH:  0    Dex: 19    Spells: 2/12 levels left

rFire   + .          .
                       - Unarmed
rCold   . . .        (shield currently unavailable)
rNeg    . . .        a - melded +0 robe
rPois   x            (helmet currently unavailable)
rElec   .            n - melded +0 cloak
rCorr   .            (gloves currently unavailable)
SInv    .            (boots currently unavailable)
Will    .....        (no amulet)
Stlth   ++           o - ring of protection from fire
HPRegen 0.29/turn    (no ring)
MPRegen 0.12/turn

%: no passive effects
@: spider-form
A: venomous fangs, tiny, (nimble swimmer 2), (mertail)
a: End Transformation


You were on level 5 of the Dungeon.
You were a venomous arachnid creature.
You visited 1 branch of the dungeon, and saw 5 of its levels.

You collected 209 gold pieces.
You spent 137 gold pieces at shops.

Inventory:

Hand Weapons
 m - a +4 quarterstaff of chaos
 r - a +1 short sword of protection
Missiles
 h - 20 poisoned darts
 i - 3 boomerangs
 q - 6 atropa-tipped darts
Armour
 a - a +0 robe (melded)
 n - a +0 cloak (melded)
 p - the +5 chain mail of Egalitarianism {rF++}
   (You took it off a hobgoblin on level 3 of the Dungeon)

   rF:        It greatly protects you from fire.
Magical Staves
 l - a staff of earth
Jewellery
 o - a ring of protection from fire (left front pincers)
Wands
 g - a wand of polymorph (21)
Scrolls
 c - a scroll of brand weapon {unknown}
 d - a scroll of vulnerability {unknown}
 e - 2 scrolls of amnesia {unknown}
 k - a scroll of fear {unknown}
 s - 2 scrolls of teleportation
 t - a scroll of enchant weapon {unknown}
 v - a scroll of magic mapping
 w - a scroll of poison {unknown}
 x - a scroll of noise {unknown}
 y - a scroll of immolation {unknown}
Potions
 b - a potion of lignification
 f - a potion of curing
 j - a potion of mutation
 u - a potion of brilliance {unknown}


   Skills:
 * Level 4.4 Fighting
 - Level 4.0 Dodging
 - Level 2.0 Stealth
 * Level 6.3 Unarmed Combat
 - Level 3.0 Spellcasting
 - Level 6.0 Transmutations
 - Level 1.0 Poison Magic


You had 2 spell levels left.
You knew the following spells:

 Your Spells              Type           Power      Damage    Failure   Level
a - Beastly Appendage     Tmut           34%        N/A       8%          1
e - Wereblood             Tmut           17%        N/A       11%         2
p - Spider Form           Tmut/Pois      11%        N/A       34%         3
q - Ice Form              Ice/Tmut       9%         N/A       75%         4

Your spell library contained the following spells:

 Spells                   Type           Power      Damage    Failure   Level
 Sting                    Tmut/Pois      44%        1d5       16%         1
 Poisonous Vapours        Pois/Air       6%         N/A       50%         2
 Olgreb's Toxic Radiance  Pois           4%         N/A       94%         4


Dungeon Overview and Level Annotations

Branches:
Dungeon (5/15)
 Temple: D:4-7

Altars:
Kikubaaqudgha
Wu Jian

Shops:
D:3 *?(


Innate Abilities, Weirdness & Mutations

You are a venomous arachnid creature.
You have venomous fangs.
You are tiny and dextrous.
Your spellcasting is less reliable in this form.
Your armour is entirely melded.
You are incapable of wielding weapons or throwing items.
((You are very nimble when in or above water. (Stealth+, EV+, Speed+++)))
((Your lower body shifts to a powerful aquatic tail in water.))


Message History

You hit the centaur.
The centaur is poisoned.
The centaur is lightly wounded.
The centaur closely misses you. The centaur misses you.
An iguana comes into view.
You hit the centaur.
The centaur is moderately wounded.
The centaur misses you. The centaur barely misses you.
You hit the centaur.
The centaur looks as sick as possible!
The centaur is moderately wounded.
The centaur hits you. The centaur kicks you.
You hit the centaur.
The centaur looks as sick as possible!
The centaur is severely wounded.
You kill the centaur!
You hit the iguana but do no damage.
The iguana is poisoned.
The iguana hisses menacingly.
The iguana completely misses you.
The orc priest calls down the wrath of Beogh upon you.
Beogh smites you!
* * * LOW HITPOINT WARNING * * *
You hit the iguana but do no damage.
The iguana looks as sick as possible!
The iguana misses you.
You hit the iguana.
The iguana is lightly wounded.
Your transformation has ended.
Your +0 cloak unmelds from your body.
Your +0 robe unmelds from your body.
The iguana closely misses you.
Casting: Spider Form (dangerous; 16% risk of failure)
Confirm with . or Enter, or press ? or * to list all spells.
You turn into a venomous arachnid creature.
Your +0 cloak melds into your body.
Your +0 robe melds into your body.
The iguana barely misses you.
You hit the iguana.
The iguana is heavily wounded.
The iguana misses you.
You hit the iguana.
The iguana is severely wounded.
The iguana bites you!
* * * LOW HITPOINT WARNING * * *
You feel better. The iguana bites you!
You die...

..S.........
...........
.......... ##
#.....$.. ..
#.....l##.#...
#...loo......
##^.#o##.....
## #l# ...
##s#### .
#######.[...+
.........####
#######<##
.......<#
#######.# #.#
#.# #..


You could see 3 iguanas, an orc priest and 2 orcs.

Vanquished Creatures
  Eustachio (D:4)
  Duvessa (D:4)
  A black bear (D:5)
  A centaur (D:5)
  A scorpion (D:4)
  Dowan (D:4)
  Crazy Yiuf (D:2)
  2 hounds (D:4)
  A sleepcap (D:4)
  Terence (D:3)
  3 gnolls (D:4)
  4 adders
  A white imp (D:3)
  2 ufetubi
  2 worms
  4 dart slugs
  3 orcs
  6 endoplasms
  3 giant cockroaches
  4 goblins
  8 hobgoblins
  6 jackals
  4 kobolds
  A quokka (D:4)
  12 ball pythons
  6 frilled lizards
80 creatures vanquished.

Vanquished Creatures (others)
  A ball python (D:3)
1 creature vanquished.

Grand Total: 81 creatures vanquished

Notes
Turn   | Place    | Note
-------+----------+-------------------------------------------
     0 | D:1      | avis the Merfolk Transmuter began the quest for the Orb.
     0 | D:1      | Reached XP level 1. HP: 15/15 MP: 3/3
   148 | D:1      | Reached XP level 2. HP: 20/22 MP: 3/5
   160 | D:1      | Found a faded altar of an unknown god.
   418 | D:1      | Reached XP level 3. HP: 26/27 MP: 4/6
   466 | D:1      | Reached skill level 1 in Stealth
   469 | D:1      | Learned a level 2 spell: Wereblood
   473 | D:1      | Learned a level 3 spell: Spider Form
  1796 | D:2      | Found a runed translucent door.
  1798 | D:2      | Noticed Crazy Yiuf
  1868 | D:2      | Killed Crazy Yiuf
  1869 | D:2      | Reached skill level 1 in Poison Magic
  1869 | D:2      | Reached XP level 4. HP: 12/33 MP: 3/7
  1952 | D:2      | Upgraded the game from 0.31-a0-108-gdf935468f2 to
                  | 0.31-a0-112-gdf0485fa37
  2030 | D:3      | Found an ancient bone altar of Kikubaaqudgha.
  2187 | D:3      | Found Gydoiwycu's Antique Weapon Shoppe.
  2249 | D:3      | Found Fytziesi's Magic Scroll Shop.
  2675 | D:3      | Identified the +5 chain mail of Egalitarianism {rF++}
  2839 | D:3      | Found Zuif's General Store.
  3137 | D:3      | Noticed Terence
  3176 | D:3      | Killed Terence
  3177 | D:3      | Reached XP level 5. HP: 37/38 MP: 5/9
  3474 | D:3      | Bought a scroll of identify for 22 gold pieces
  3474 | D:3      | Bought a scroll of magic mapping for 82 gold pieces
  3474 | D:3      | Bought a scroll of teleportation for 33 gold pieces
  3549 | D:4      | Noticed Eustachio
  3687 | D:4      | Reached XP level 6. HP: 42/47 MP: 7/10
  3710 | D:4      | Learned a level 4 spell: Ice Form
  3800 | D:4      | Reached skill level 5 in Unarmed Combat
  4034 | D:4      | Noticed Duvessa
  4035 | D:4      | Found an ornate altar of the Wu Jian Council.
  4035 | D:4      | Noticed Dowan
  4051 | D:4      | Killed Duvessa
  4052 | D:4      | Reached XP level 7. HP: 25/54 MP: 6/11
  4054 | D:4      | Killed Dowan
  4335 | D:4      | Killed Eustachio
  4336 | D:4      | Reached skill level 5 in Transmutations
  4483 | D:5      | Entered Level 5 of the Dungeon
  4617 | D:5      | Slain by an iguana

Illustrated notes

Levels and vault maps discovered:
D:1:      minmay_arrival_radiant_lines, layout_basic,
          nicolae_ecumenical_snake_handling, serial_forest,
          infiniplex_forest_clump_medium, infiniplex_forest_end_2,
          infiniplex_forest_fountain, infiniplex_forest_clump_curved,
          infiniplex_forest_lined_3, infiniplex_forest_lined_corner,
          infiniplex_forest_clump_curved, infiniplex_forest_clump_C,
          infiniplex_forest_zigzag_1, infiniplex_forest_end_1
D:2:      layout_loops_ring, uniq_crazy_yiuf_cottage
D:3:      layout_loops_ring, nicolae_kikubaaqudgha_miasma_corner, serial_shops,
          shop_statue, nicolae_shop_hallway_plus, shop, lemuel_flame_loot_1,
          uniq_terence
D:4:      layout_rooms, nzn_wu_jian_council_hall, grunt_ministairs_15,
          uniq_eustachio, uniq_duvessa
D:5:      layout_basic

Skill      XL: |  1  2  3  4  5  6  7 |
---------------+----------------------+-----
Fighting       | 2 3 4 |  4.4
Unarmed Combat | 4 6 |  6.3
Dodging        | 3 4 |  4.0
Stealth        | 1 2 |  2.0
Transmutations | 4 6 |  6.0
Poison Magic   | 1 |  1.0
Spellcasting   | 3 |  3.0

Action                     |  1- 3 |  4- 6 |  7- 9 || total
---------------------------+-------+-------+-------++-------
  Melee: Unarmed           |    93 |    99 |    52 ||   244
         Headbutt          |    16 |     2 |       ||    18
         Punch             |     2 |       |       ||     2
   Cast: Beastly Appendage |    22 |     3 |       ||    25
         Spider Form       |     1 |    19 |    12 ||    32
Ability: End Transformatio |     1 |     1 |       ||     2
    Use: Scroll            |       |     3 |       ||     3
         Potion            |       |     1 |     1 ||     2
   Stab: Sleeping          |     1 |     1 |     1 ||     3
 Armour: Robe              |    11 |       |     2 ||    13
         Skin              |       |     3 |     4 ||     7
  Dodge: Dodged            |    40 |    80 |    58 ||   178

Table legend: (Time is in decaauts)
 A = Elapsed time spent in this place.
 B = Non-inter-level travel time spent in this place.
 C = Inter-level travel time spent in this place.
 D = Time resting spent in this place.
 E = Time spent auto-exploring this place.
 F = Levels seen in this place.
 G = Mean time per level.
                   A        B        C        D        E       F      G
               +--------+--------+--------+--------+--------+-----+--------+
         Total |   4582 |   4071 |    511 |    636 |   2234 |   5 |  916.4 |
       Dungeon |   4582 |   4071 |    511 |    636 |   2234 |   5 |  916.4 |
               +--------+--------+--------+--------+--------+-----+--------+

Top non-repeatable levels by time:
     D:3: 1387 daAuts
     D:2: 1219 daAuts
     D:1: 1031 daAuts
     D:4: 872 daAuts
     D:5: 71 daAuts
